PBL
AMERICUS BRAVES @ TIJUANA TOROS
09/28/2048
 
TOP OF THE 1ST
Americus Braves batting - Pitching for Tijuana Toros : RHP Juan Serrano
Pitching: RHP Juan Serrano
Batting: RHB Ryan Cole 0-0: Called Strike
0-1: Ball
1-1: Foul Ball, location: 2F
1-2: Foul Ball, location: 2F
1-2: Fly out, F6 (Popup, 6S, EV 81.2 MPH)
Batting: RHB Wilson Salgado 0-0: Ball
1-0: Swinging Strike
1-1: Foul Ball, location: 2F
1-2: Foul Ball, location: 2F
1-2: SINGLE (Line Drive, 34D, EV 95.6 MPH)
Batting: LHB Garret Mathis 0-0: Ball
1-0: Ball
2-0: Called Strike
2-1: Fly out, F9 (Flyball, 89S, EV 86.2 MPH)
Batting: RHB Ricardo Joya 0-0: Ball
1-0: Ball
2-0: Swinging Strike
2-1: Ball
3-1: Base on Balls
Wilson Salgado to second
Batting: RHB Alex Guerra 0-0: Swinging Strike
0-1: Ball
1-1: Ball
2-1: Ball
3-1: Swinging Strike
3-2: Ground out 6-3 (Groundball, 56D, EV 105.6 MPH)
Top of the 1st over - 0 runs, 1 hit, 0 errors, 2 left on base; Americus 0 - Tijuana 0
BOTTOM OF THE 1ST
Tijuana Toros batting - Pitching for Americus Braves : RHP Dave Quick
Pitching: RHP Dave Quick
Batting: SHB Erick Hamburger 0-0: Ball
1-0: SOLO HOME RUN (Flyball, 9LD, EV 106.2 MPH), Distance : 418 ft
Batting: RHB Guo Kwok 0-0: Ball
1-0: Called Strike
1-1: Called Strike
1-2: Strikes out swinging
Batting: RHB Shiki Nomoto 0-0: DOUBLE (Flyball, 78D, EV 102.5 MPH)
Batting: RHB Jerry Afghani 0-0: Called Strike
0-1: Ball
1-1: Ball
2-1: Ball
3-1: Called Strike
3-2: Base on Balls
Batting: RHB Mario Diaz 0-0: Ball
1-0: Fly out, F7 (Line Drive, 7S, EV 98.1 MPH)
Batting: RHB Yok-sing Zhào 0-0: Ball
1-0: Ball
2-0: Called Strike
2-1: Swinging Strike
2-2: Fielders Choice at 2nd, 5-4 (Groundball, 56, EV 90.0 MPH)
Bottom of the 1st over - 1 run, 2 hits, 0 errors, 2 left on base; Americus 0 - Tijuana 1
TOP OF THE 2ND
Americus Braves batting - Pitching for Tijuana Toros : RHP Juan Serrano
Batting: RHB Josh Maxwell 0-0: Ball
1-0: Swinging Strike
1-1: Ball
2-1: SINGLE (Groundball, 56D, EV 95.0 MPH)
Batting: RHB Jose Florez 0-0: TRIPLE (Flyball, 89XD, EV 106.9 MPH)
Josh Maxwell scores
Batting: RHB Bill Horne 0-0: Ball
1-0: Ball
2-0: Called Strike
2-1: Called Strike
2-2: Foul Ball, location: 2F
2-2: Ball
3-2: Foul Ball, location: 2F
3-2: Strikes out swinging
Batting: LHB Pappy Sterile 0-0: Fly out, F8 (Flyball, 8RD, EV 104.4 MPH)
Runner from 3rd tags up, SCORES, throw by CF
Batting: RHB Ryan Cole 0-0: Ground out 1-3 (Groundball, 34S, EV 68.1 MPH)
Top of the 2nd over - 2 runs, 2 hits, 0 errors, 0 left on base; Americus 2 - Tijuana 1
BOTTOM OF THE 2ND
Tijuana Toros batting - Pitching for Americus Braves : RHP Dave Quick
Batting: RHB Gaylord Wray 0-0: Ball
1-0: Ball
2-0: Ball
3-0: Called Strike
3-1: Foul Ball, location: 2F
3-2: Fly out, F4 (Popup, 4S, EV 81.2 MPH)
Batting: RHB Clay Holgate 0-0: Ball
1-0: Foul Ball, location: 2F
1-1: Foul Ball, location: 2F
1-2: Ball
2-2: Ball
3-2: SINGLE (Groundball, 56S, EV 66.9 MPH) (infield hit)
Batting: LHB Gerardo Arriaga 0-0: Called Strike
0-1: Ball
1-1: Ball
2-1: Fly out, F9 (Line Drive, 9S, EV 91.9 MPH)
Batting: SHB Erick Hamburger 0-0: Ball
1-0: Fly out, F8 (Line Drive, 8LM, EV 93.8 MPH)
Bottom of the 2nd over - 0 runs, 1 hit, 0 errors, 1 left on base; Americus 2 - Tijuana 1
TOP OF THE 3RD
Americus Braves batting - Pitching for Tijuana Toros : RHP Juan Serrano
Batting: RHB Wilson Salgado 0-0: Foul Ball, location: 2F
0-1: SINGLE (Groundball, 6MD, EV 103.8 MPH)
Batting: LHB Garret Mathis 0-0: Called Strike
0-1: Foul Ball, location: 2F
0-2: Ball
1-2: Fielders Choice at 2nd, 1-4 (Groundball, 15S, EV 70.6 MPH)
Batting: RHB Ricardo Joya 0-0: Swinging Strike
0-1: Swinging Strike
0-2: Strikes out swinging
Batting: RHB Alex Guerra 0-0: Ground out 4-3 (Groundball, 4, EV 86.2 MPH)
Top of the 3rd over - 0 runs, 1 hit, 0 errors, 1 left on base; Americus 2 - Tijuana 1
BOTTOM OF THE 3RD
Tijuana Toros batting - Pitching for Americus Braves : RHP Dave Quick
Batting: RHB Guo Kwok 0-0: Foul Ball, location: 2F
0-1: Ball
1-1: Foul Ball, location: 2F
1-2: Fly out, F7 (Flyball, 7LM, EV 93.8 MPH)
Batting: RHB Shiki Nomoto 0-0: Ball
1-0: Ground out U3 (Groundball, 3, EV 103.1 MPH)
Batting: RHB Jerry Afghani 0-0: Ball
1-0: Called Strike
1-1: Ball
2-1: Ball
3-1: Fly out, F4 (Popup, 4, EV 76.2 MPH)
Bottom of the 3rd over - 0 runs, 0 hits, 0 errors, 0 left on base; Americus 2 - Tijuana 1
TOP OF THE 4TH
Americus Braves batting - Pitching for Tijuana Toros : RHP Juan Serrano
Batting: RHB Josh Maxwell 0-0: Ball
1-0: Called Strike
1-1: Ball
2-1: Ball
3-1: Base on Balls
Batting: RHB Jose Florez 0-0: Swinging Strike
0-1: Called Strike
0-2: Ball
1-2: Strikes out swinging
Batting: RHB Bill Horne 0-0: Ball
1-0: Called Strike
1-1: Ball
2-1: Called Strike
2-2: Strikes out swinging
Batting: LHB Pappy Sterile 0-0: Ball
1-0: Foul Ball, location: 2F
1-1: Swinging Strike
1-2: Foul Ball, location: 2F
1-2: Strikes out swinging
Top of the 4th over - 0 runs, 0 hits, 0 errors, 1 left on base; Americus 2 - Tijuana 1
BOTTOM OF THE 4TH
Tijuana Toros batting - Pitching for Americus Braves : RHP Dave Quick
Batting: RHB Mario Diaz 0-0: Called Strike
0-1: Ground out U3 (Groundball, 34S, EV 77.5 MPH)
Batting: RHB Yok-sing Zhào 0-0: Called Strike
0-1: Called Strike
0-2: Foul Ball, location: 2F
0-2: Strikes out swinging
Batting: RHB Gaylord Wray 0-0: Foul Ball, location: 2F
0-1: Ball
1-1: SOLO HOME RUN (Flyball, 7D, EV 108.1 MPH), Distance : 432 ft
Batting: RHB Clay Holgate 0-0: Ball
1-0: Ball
2-0: Foul Ball, location: 2F
2-1: Ball
3-1: Base on Balls
Batting: LHB Gerardo Arriaga 0-0: Called Strike
0-1: Ball
1-1: Foul Ball, location: 2F
1-2: SINGLE (Line Drive, 34, EV 97.5 MPH)
Clay Holgate to second
Batting: SHB Erick Hamburger 0-0: Ball
1-0: Ball
2-0: Ball
3-0: Base on Balls
Clay Holgate to third
Gerardo Arriaga to second
Batting: RHB Guo Kwok 0-0: Called Strike
0-1: Ball
1-1: Ball
2-1: Fielders Choice at 2nd, 6-4 (Groundball, 6, EV 101.2 MPH)
Bottom of the 4th over - 1 run, 2 hits, 0 errors, 3 left on base; Americus 2 - Tijuana 2
TOP OF THE 5TH
Americus Braves batting - Pitching for Tijuana Toros : RHP Juan Serrano
Batting: RHB Ryan Cole 0-0: Called Strike
0-1: Ball
1-1: Foul Ball, location: 2F
1-2: Foul Ball, location: 2F
1-2: Ball
2-2: Ball
3-2: Foul Ball, location: 2F
3-2: SINGLE (Groundball, 56D, EV 103.1 MPH)
Batting: RHB Wilson Salgado 0-0: Ball
1-0: Ball
2-0: Called Strike
2-1: Foul Ball, location: 2F
2-2: Hit by Pitch
Ryan Cole to second
Pitching: RHP Eric Rossi
Batting: LHB Garret Mathis 0-0: Ball
1-0: Ball
2-0: Called Strike
2-1: Foul Ball, location: 2F
2-2: Ball
3-2: Ground out 4-3 (Groundball, 4S, EV 68.8 MPH)
Ryan Cole to third
Wilson Salgado to second
Batting: RHB Ricardo Joya 0-0: Fly out, F9 (Flyball, 9, EV 87.5 MPH)
Runner from 3rd tags up, SCORES, throw by RF
Batting: RHB Alex Guerra 0-0: Ball
1-0: Called Strike
1-1: Foul Ball, location: 2F
1-2: Ball
2-2: Foul Ball, location: 2F
2-2: Strikes out looking
Top of the 5th over - 1 run, 1 hit, 0 errors, 1 left on base; Americus 3 - Tijuana 2
BOTTOM OF THE 5TH
Tijuana Toros batting - Pitching for Americus Braves : RHP Dave Quick
Batting: RHB Shiki Nomoto 0-0: Called Strike
0-1: Ball
1-1: Ball
2-1: DOUBLE (Line Drive, 7LM, EV 103.8 MPH)
Batting: RHB Jerry Afghani 0-0: Ball
1-0: Ball
2-0: Foul Ball, location: 2F
2-1: Ball
3-1: Base on Balls
Batting: RHB Mario Diaz 0-0: Called Strike
0-1: Called Strike
0-2: Ball
1-2: Grounds into double play, 6-4-3 (Groundball, 6, EV 95.6 MPH)
Shiki Nomoto to third
Batting: RHB Yok-sing Zhào 0-0: Called Strike
0-1: Ball
1-1: Ball
2-1: Ball
3-1: Called Strike
3-2: Base on Balls
Batting: RHB Gaylord Wray 0-0: Ball
1-0: Ball
Yok-sing Zhào steals 2nd base
2-0: SINGLE (Flyball, 56D, EV 87.5 MPH)
Shiki Nomoto scores
Yok-sing Zhào to third
Runner from 3rd tries for Home, SAFE, throw by LF to home
Batting: RHB Clay Holgate 0-0: Called Strike
0-1: Called Strike
0-2: Strikes out swinging
Bottom of the 5th over - 2 runs, 2 hits, 0 errors, 1 left on base; Americus 3 - Tijuana 4
TOP OF THE 6TH
Americus Braves batting - Pitching for Tijuana Toros : RHP Eric Rossi
Pinch Hitting: RHB Jesus Diego 0-0: Ball
1-0: Ball
2-0: DOUBLE (Flyball, 8RXD, EV 90.6 MPH)
Batting: RHB Jose Florez 0-0: SINGLE (Groundball, 4MS, EV 63.1 MPH) (infield hit)
Jesus Diego to third
Batting: RHB Bill Horne 0-0: Called Strike
Jose Florez is caught stealing 2nd base 2-4
0-1: Ball
1-1: Foul Ball, location: 2F
1-2: Foul Ball, location: 2F
1-2: Strikes out looking
Batting: LHB Pappy Sterile 0-0: Called Strike
0-1: Swinging Strike
0-2: Ground out 4-3 (Groundball, 4, EV 80.6 MPH)
Top of the 6th over - 0 runs, 2 hits, 0 errors, 1 left on base; Americus 3 - Tijuana 4
BOTTOM OF THE 6TH
Tijuana Toros batting - Pitching for Americus Braves : RHP Dave Quick
Now in LF: Jesus Diego
Batting: LHB Gerardo Arriaga 0-0: Called Strike
0-1: Bunt for hit to 3S - play at first, batter OUT! 3-4
Batting: SHB Erick Hamburger 0-0: Ball
1-0: Ball
2-0: SINGLE (Line Drive, 6MD, EV 98.1 MPH)
Batting: RHB Guo Kwok 0-0: Swinging Strike
0-1: Ball
1-1: Called Strike
Erick Hamburger steals 2nd base
1-2: Ball
2-2: Foul Ball, location: 2F
2-2: Strikes out swinging
Pinch Hitting: RHB Jaylen North 0-0: Ball
1-0: Ball
2-0: Called Strike
2-1: Called Strike
2-2: Foul Ball, location: 2F
2-2: Fly out, F9 (Flyball, 89S, EV 73.8 MPH)
Bottom of the 6th over - 0 runs, 1 hit, 0 errors, 1 left on base; Americus 3 - Tijuana 4
TOP OF THE 7TH
Americus Braves batting - Pitching for Tijuana Toros : RHP Eric Rossi
Pitching: RHP Chris Moody
Now at 2B: Tony Vasquez
Batting: RHB Ryan Cole 0-0: Ball
1-0: Foul Ball, location: 2F
1-1: Ball
2-1: Called Strike
2-2: Foul Ball, location: 7LSF, Error on foul ball, E7
2-2: Fly out, F8 (Flyball, 8RM, EV 80.0 MPH)
Batting: RHB Wilson Salgado 0-0: Ball
1-0: Foul Ball, location: 2F
1-1: Fly out, F5 (Popup, 5SF, EV 66.9 MPH)
Pitching: RHP Matt Radovich
Batting: LHB Garret Mathis 0-0: Foul Ball, location: 2F
0-1: Foul Ball, location: 2F
0-2: Foul Ball, location: 2F
0-2: Ball
1-2: Foul Ball, location: 2F
1-2: Ball
2-2: Ball
3-2: Ground out 5-3 (Groundball, 5, EV 101.9 MPH)
Top of the 7th over - 0 runs, 0 hits, 1 error, 0 left on base; Americus 3 - Tijuana 4
BOTTOM OF THE 7TH
Tijuana Toros batting - Pitching for Americus Braves : RHP Dave Quick
Pitching: RHP Justus Gonzales
Batting: RHB Jerry Afghani 0-0: Ball
1-0: Foul Ball, location: 2F
1-1: Ball
2-1: Foul Ball, location: 2F
2-2: Strikes out looking
Batting: RHB Mario Diaz 0-0: Ground out 3-1 (Groundball, 34, EV 92.5 MPH)
Batting: RHB Yok-sing Zhào 0-0: Ball
1-0: Ground out 6-3 (Groundball, 6, EV 104.4 MPH)
Bottom of the 7th over - 0 runs, 0 hits, 0 errors, 0 left on base; Americus 3 - Tijuana 4
TOP OF THE 8TH
Americus Braves batting - Pitching for Tijuana Toros : RHP Matt Radovich
Batting: RHB Ricardo Joya 0-0: Ball
1-0: Foul Ball, location: 2F
1-1: Foul Ball, location: 2F
1-2: Ball
2-2: Foul Ball, location: 2F
2-2: Ball
3-2: Strikes out swinging
Pinch Hitting: RHB Scott Hansen 0-0: Ball
1-0: Ball
2-0: Foul Ball, location: 2F
2-1: Foul Ball, location: 2F
2-2: Foul Ball, location: 2F
2-2: Foul Ball, location: 2F
2-2: Fly out, F8 (Line Drive, 89M, EV 106.9 MPH)
Batting: RHB Jesus Diego 0-0: Called Strike
0-1: Swinging Strike
0-2: Foul Ball, location: 2F
0-2: Ball
1-2: Ball
2-2: Ball
3-2: Base on Balls
Pitching: RHP Jeremy Pollom
Batting: RHB Jose Florez 0-0: Ball
1-0: Swinging Strike
1-1: Ball
2-1: SINGLE (Groundball, 6M, EV 105.0 MPH) (infield hit)
Jesus Diego to second
Pinch Runner at 2nd Bart Stevensdick:
Batting: RHB Bill Horne 0-0: Swinging Strike
0-1: Ball
1-1: Foul Ball, location: 2F
1-2: Strikes out swinging
Top of the 8th over - 0 runs, 1 hit, 0 errors, 2 left on base; Americus 3 - Tijuana 4
BOTTOM OF THE 8TH
Tijuana Toros batting - Pitching for Americus Braves : RHP Justus Gonzales
Now in LF: Scott Hansen
Now in RF: Bart Stevensdick
Batting: RHB Gaylord Wray 0-0: Called Strike
0-1: Ball
1-1: Swinging Strike
1-2: Ball
2-2: Ball
3-2: Base on Balls
Batting: RHB John Hanson 0-0: Swinging Strike
0-1: Ball
1-1: Ball
2-1: Ball
3-1: Base on Balls
Gaylord Wray to second
Batting: LHB Gerardo Arriaga 0-0: Called Strike
0-1: Bunted foul
0-2: Ball
1-2: Ball
2-2: Foul Ball, location: 2F
2-2: Foul Ball, location: 2F
2-2: Ball
3-2: Base on Balls
Gaylord Wray to third
John Hanson to second
Batting: SHB Erick Hamburger 0-0: Called Strike
0-1: Ball
1-1: Swinging Strike
1-2: Ball
2-2: Foul Ball, location: 2F
2-2: Ball
Wild Pitch!
Gaylord Wray scores
John Hanson to third
Gerardo Arriaga to second
3-2: Intentional Walk
Pitching: LHP Frank Donegan
Batting: RHB Guo Kwok 0-0: Ball
1-0: GRAND SLAM HOME RUN (Flyball, 7D, EV 101.2 MPH), Distance : 392 ft
Batting: RHB Tony Vasquez 0-0: Ball
1-0: Called Strike
1-1: Foul Ball, location: 2F
1-2: Ball
2-2: Fly out, F9 (Flyball, 9LSF, EV 85.0 MPH)
Batting: RHB Jerry Afghani 0-0: Ball
1-0: Ground out 1-3 (Groundball, 34S, EV 67.5 MPH)
Batting: RHB Mario Diaz 0-0: Called Strike
0-1: Foul Ball, location: 2F
0-2: Ball
1-2: Foul Ball, location: 2F
1-2: Foul Ball, location: 2F
1-2: Ground out 5-3 (Groundball, 5, EV 85.6 MPH)
Bottom of the 8th over - 5 runs, 1 hit, 0 errors, 0 left on base; Americus 3 - Tijuana 9
TOP OF THE 9TH
Americus Braves batting - Pitching for Tijuana Toros : RHP Jeremy Pollom
Pinch Hitting: RHB Chris Foss 0-0: Ball
1-0: Ball
2-0: Ball
3-0: Called Strike
3-1: Base on Balls
Batting: RHB Ryan Cole 0-0: Called Strike
0-1: Ball
1-1: Swinging Strike
1-2: Ball
2-2: Ball
3-2: Grounds into double play, 4-6-3 (Groundball, 4, EV 84.4 MPH)
Batting: RHB Wilson Salgado 0-0: Ball
1-0: Swinging Strike
1-1: Fly out, F7 (Flyball, 7LMF, EV 90.6 MPH)
Top of the 9th over - 0 runs, 0 hits, 0 errors, 0 left on base; Americus 3 - Tijuana 9
Tuesday, March 28th , 2023 - OOTP Baseball 23.10 Build 110